 Dungeon Crawl Stone Soup version 0.21-a0-278-ga722497 (webtiles) character file.

3 4thArraOfDagon the Digger (level 1, -2/13 HPs)
             Began as a Formicid Earth Elementalist on Sept 21, 2017.
             Killed from afar by an orc wizard (12 damage)
             ... with a puff of flame
             ... on level 3 of the Dungeon.
             The game lasted 00:01:00 (190 turns).

4thArraOfDagon the Digger (FoEE)                     Turns: 190, Time: 00:01:01

Health: -2/13      AC:  6    Str: 12    XL:     1   Next: 55%
Magic:  3/3        EV: 10    Int: 14    God:
Gold:   11         SH:  0    Dex: 11    Spells: 1/4 levels left

rFire    . . .     SeeInvis +   f - +0 short sword
rCold    . . .     Gourm    .   (no shield)
rNeg     . . .     Faith    .   a - +0 ring mail
rPois    .         Spirit   .   (helmet unavailable)
rElec    .         Reflect  .   (no cloak)
rCorr    .         Harm     .   g - +0 pair of gloves
MR       .....                  (no boots)
Stlth    ..........             (no amulet)
HPRegen  0.04/turn              (no ring)
MPRegen  0.08/turn              (no ring)

@: confused
A: permanent stasis, dig shafts and tunnels, four strong arms, antennae 3
a: Dig, Shaft Self


You were on level 3 of the Dungeon.
You were not hungry.

You visited 1 branch of the dungeon, and saw 3 of its levels.

You collected 11 gold pieces.

Inventory:

Hand Weapons
 f - a +0 short sword (weapon)
Missiles
 b - 29 stones (quivered)
Armour
 a - a +0 ring mail (worn)
 c - a +0 robe
 g - a +0 pair of gloves (worn)
Books
 e - a book of Geomancy

   Spells                             Type                      Level
   a - Sandblast                      Earth                        1
   b - Passwall                       Transmutation/Earth          2
   c - Stone Arrow                    Conjuration/Earth            3
   d - Petrify                        Transmutation/Earth          4
   e - Lee's Rapid Deconstruction     Earth                        5
Comestibles
 d - a bread ration


   Skills:
 - Level 1.7 Dodging
 - Level 2.4 Stealth
 - Level 2.1 Spellcasting
   Level 1.1 Transmutations
 * Level 3.9 Earth Magic


You had one spell level left.
You knew the following spells:

 Your Spells              Type           Power        Failure   Level  Hunger
a - Sandblast             Erth           ##....       11%         1    #......
b - Apportation           Tloc           #.....       47%         1    #......
c - Animate Skeleton      Necr           N/A          47%         1    #......


Dungeon Overview and Level Annotations

Branches:
Dungeon (3/15)

Altars:


Innate Abilities, Weirdness & Mutations

You cannot be hasted, slowed, berserked, paralysed or teleported.
You can dig through walls and to a lower floor.
Your four strong arms can wield two-handed weapons with a shield.
You have a pair of large antennae on your head. (SInv)


Message History

You bump into the rock wall.
Unknown command.
You bump into the rock wall.
The orc wizard hits you with a dagger.
Unknown command.
You bump into the rock wall.
The orc wizard completely misses you.
Unknown command.
You hit the orc wizard.
The orc wizard is heavily wounded.
The orc wizard casts a spell at you. The puff of flame hits you!
Unknown command.
You bump into the rock wall.
You feel less confused.
The orc wizard points at you and mumbles some strange words.
You are confused.
Unknown command.
The orc wizard points at you and mumbles some strange words.
The puff of flame hits you!
Ouch! That really hurt!
You die...

..{#....### .{......##.
##.#........b ... #...# ..#
##..####.# .# #.#.#.##.#
#.{.....# .# #.#.#.##.#
#.####### .# #.#... #.#
##'## .# #.#..# #@###...##
.# #.#..# #.##.....## .#
#.#..###o#..<....##
.########.....(...........#
..........†...............+
.#.##.####...####.........#
#.###.##.....# ##.......##
#.# #.##.##.## ##.....##
#.# #.##:##.# ##...##


You could see an orc wizard.

Vanquished Creatures
  An orc (D:3)
  A bat (D:1)
  A kobold (D:3)
3 creatures vanquished.

Notes
Turn   | Place    | Note
-------+----------+-------------------------------------------
     0 | D:1      | 4thArraOfDagon the Formicid Earth Elementalist began the quest for the Orb.
     0 | D:1      | Reached XP level 1. HP: 13/13 MP: 3/3
    25 | D:1      | You fall through a shaft!
   109 | D:3      | Learned a level 1 spell: Apportation
   111 | D:3      | Learned a level 1 spell: Animate Skeleton
   164 | D:3      | Noticed an orc wizard
   190 | D:3      | Killed from afar by an orc wizard

Vault maps used:
D:1:      onia_arrival_mini_maze, serial_bayou_pond_a
D:3:      nicolae_ru_awakened_eye, uniq_ijyb

Action                   || total
-------------------------++-------
Melee: Short sword       ||     9
       Unarmed           ||     1
 Cast: Sandblast         ||     1
 Abil: Shaft Self        ||     1
 Stab: Sleeping          ||     1
Armor: Robe              ||     1
       Ring mail         ||     1
Dodge: Dodged            ||     5

Table legend:
 A = Spawn XP
 B = Non-spawn XP
 C = Spawn XP percentage of total XP
 D = Spawn monster count
 E = Non-spawn monster count
 F = Spawn count percentage of total count
 G = Total turns spent on level
                    A         B        C        D         E        F      G
               +---------+---------+-------+---------+---------+-------+---------
         Total |       0 |       5 |   0.0 |       0 |       3 |   0.0 |   190
               +---------+---------+-------+---------+---------+-------+---------
           D:1 |       0 |       1 |   0.0 |       0 |       1 |   0.0 |    25
           D:3 |       0 |       4 |   0.0 |       0 |       2 |   0.0 |   156
               +---------+---------+-------+---------+---------+-------+---------
